cohdb
Replays
Latest Replays
All Replays
Popular Replays
Top Player Replays
Match Explorer
How It Works
Community
CoH3 Stats
Reddit
Sign in to upload your games and track your stats! →
Sign in with Steam
Match 38329064
Unlisted
Match 38329064
Overview
Messages
Build Orders
End
Construct Section Command Post
Infantry Section
Infantry Section
Infantry Section
Infantry Section
Construct Platoon Command Post
Selects Indian Artillery Battlegroup
Selects Towed ML 4.2-inch Heavy Mortar
Construct Field Infirmary
Towed ML 4.2-inch Heavy Mortar
Unlock M3 Stuart Light Tanks
M3 Stuart Light Tank
Selects Valour
Selects Gurkha Rifles Section
6-pounder Anti-tank Gun Team
6-pounder Anti-tank Gun Team
Construct Company Command Post
mohking21
Badgert192
skyhawkfranky
Tanith's Finest
0
0
Comments
sign in to comment!
No comments posted yet!